 Dungeon Crawl Stone Soup version 0.28-a0-1038-g9c4cb8273d (webtiles) character file.

Game seed: 14631889507958244909

31417 orbeus the Blocker (level 13, -1/118 HPs)
             Began as a Troll Arcane Marksman on Dec 9, 2021.
             Was an Initiate of Jiyva.
             Constricted to death by Jorgrun (7 damage)
             ... on level 10 of the Dungeon.
             The game lasted 01:03:19 (19882 turns).

orbeus the Blocker (Troll Arcane Marksman)         Turns: 19882, Time: 01:03:20

Health: -1/118     AC: 13    Str: 21    XL:     13   Next: 25%
Magic:  15/15      EV:  6    Int: 13    God:    Jiyva [......]
Gold:   505        SH: 22    Dex: 10    Spells: 12/16 levels left

rFire   . . .      SeeInvis .     - Unarmed
rCold   . . .      Faith    .   A - +1 tower shield
rNeg    . . .      Spirit   .   L - +0 troll leather armour
rPois   .          Reflect  +   (helmet restricted)
rElec   .          Harm     .   I - +2 cloak
rCorr   .          Rampage  .   (gloves unavailable)
Will    +....                   (boots unavailable)
Stlth   +.........              t - amulet of reflection
HPRegen 1.89/turn               Q - ring of willpower
MPRegen 0.14/turn               j - +4 ring of protection

@: grasped by roots, constricted
A: large, unfitting armour, claws 3, regeneration 1, shaggy fur 1, tough skin 1
a: Renounce Religion


You were on level 10 of the Dungeon.
You worshipped Jiyva.
Jiyva was noncommittal.
You visited 4 branches of the dungeon, and saw 18 of its levels.

You collected 1980 gold pieces.
You spent 1475 gold pieces at shops.

Inventory:

Missiles
 b - 8 large rocks (quivered)
 c - 4 throwing nets
 f - 432 stones
 n - 2 atropa-tipped darts
 o - 113 poisoned darts
 N - a boomerang of dispersal
Armour
 A - a +1 tower shield (worn)
 C - +0 steam dragon scales
 I - a +2 cloak (worn)
 L - a +0 troll leather armour (worn)
Jewellery
 j - a +4 ring of protection (right claw)
 t - an amulet of reflection (around neck)
 E - a ring of fire
 G - a ring of positive energy
 J - a ring of poison resistance
 O - an amulet of the acrobat
 Q - a ring of willpower (left claw)
Wands
 l - a wand of flame (8)
 r - a wand of iceblast (15)
 w - a wand of charming (15)
 D - a wand of acid (2)
 K - a wand of mindburst (17)
Scrolls
 e - a scroll of amnesia
 h - a scroll of summoning {unknown}
 k - a scroll of holy word
 m - 4 scrolls of fear
 p - 4 scrolls of teleportation
 u - 7 scrolls of identify
 y - 2 scrolls of blinking
 z - 2 scrolls of magic mapping
 H - a scroll of silence
 R - a scroll of enchant armour
 S - 2 scrolls of fog
Potions
 a - 3 potions of lignification {unknown}
 d - 2 potions of attraction {unknown}
 g - 6 potions of curing
 i - 3 potions of flight {unknown}
 q - 2 potions of heal wounds
 s - 2 potions of mutation {unknown}
 v - a potion of degeneration {unknown}
 x - a potion of brilliance {unknown}
 B - a potion of ambrosia {unknown}
 F - 2 potions of haste {unknown}
 M - a potion of experience {unknown}
Miscellaneous
 P - a lightning rod (4/4)


   Skills:
 - Level 5.0 Fighting
 - Level 2.0 Throwing
 - Level 2.0 Dodging
 * Level 13.1 Shields
 - Level 12.0 Unarmed Combat
 - Level 2.0 Spellcasting
 - Level 2.0 Hexes
 - Level 6.0 Translocations
 - Level 4.0 Invocations
 - Level 2.1 Evocations


You had 12 spell levels left.
You knew the following spells:

 Your Spells              Type           Power      Damage    Failure   Level
a - Slow                  Hex            24%        N/A       19%         1
b - Blink                 Tloc           32%        N/A       5%          2
k - Animate Skeleton      Necr           2%         N/A       41%         1

Your spell library contained the following spells:

 Spells                   Type           Power      Damage    Failure   Level
 Gell's Gravitas          Tloc           16%        N/A       11%         3
 Lesser Beckoning         Tloc           16%        N/A       11%         3
 Teleport Other           Tloc           16%        N/A       11%         3
 Portal Projectile        Hex/Tloc       22%        N/A       26%         3
 Beastly Appendage        Tmut           2%         N/A       41%         1
 Pain                     Necr           4%         1d4       41%         1
 Wereblood                Tmut           1%         N/A       54%         2
 Inner Flame              Hex/Fire       3%         N/A       65%         3
 Manifold Assault         Tloc           16%        N/A       71%         5
 Iskenderun's Mystic Bla  Conj/Tloc      9%         2d4       77%         4
 Call Canine Familiar     Summ           1%         N/A       78%         3
 Spider Form              Tmut/Pois      1%         N/A       78%         3
 Vampiric Draining        Necr           1%         2d6       78%         3
 Cause Fear               Hex            3%         N/A       88%         4
 Fulminant Prism          Conj/Hex       1%         3d6       96%         4
 Leda's Liquefaction      Hex/Erth       1%         N/A       96%         4
 Petrify                  Tmut/Erth      1%         N/A       99%         4
 Blade Hands              Tmut           0%         N/A       100%        5
 Borgnjor's Vile Clutch   Necr/Erth      0%         N/A       100%        5
 Excruciating Wounds      Necr           0%         N/A       100%        5
 Irradiate                Conj/Tmut      0%         3d14      100%        5
 Lightning Bolt           Conj/Air       0%         1d11      100%        5
 Iron Shot                Conj/Erth      0%         9d1       100%        6
 Dragon Form              Tmut           0%         N/A       100%        7


Dungeon Overview and Level Annotations

Branches:
Dungeon (11/15)            Temple (1/1) D:5            Lair (5/6) D:11
 Shoals (0/4) Lair:4       Spider (0/4) Lair:2        Slime (0/5) Lair:5
    Orc (1/2) D:10

Altars:
Ashenzari
Cheibriados
Dithmenos
Elyvilon
Fedhas
Gozag
Hepliaklqana
Kikubaaqudgha
Makhleb
Nemelex Xobeh
Okawaru
Qazlal
Ru
Sif Muna
Trog
Uskayaw
Vehumet
Wu Jian
Xom
Yredelemnul
Zin
The Shining One
Jiyva

Shops:
D:3 *?(   D:4 =   D:8 (

Annotations:
D:2 1 runed translucent door, Crazy Yiuf
D:3 1 runed translucent door, garbled's ghost, amateur VSNe
D:6 exclusion: downstairs
D:8 3 runed translucent doors, exclusion: downstairs, pdpol's ghost, novice MiFi
D:10 Jorgrun
Lair:1 1 runed translucent door
Lair:3 exclusion: downstairs
Lair:4 exclusion: 2 downstairs
Lair:5 Rupert


Innate Abilities, Weirdness & Mutations

You are too large for most types of armour.
You have claws for hands.
Your natural rate of healing is unusually fast.
You are covered in fur. (AC +1)
You have tough skin. (AC +1)


Message History

Jorgrun is heavily wounded.
Jorgrun points at you and mumbles some strange words.
The iron shot hits you!!!
You mangle Jorgrun!!
Jorgrun is severely wounded.
Jorgrun casts a spell at you.
Roots burst forth from the earth!
The grasping roots grab you! The grasping roots constrict you!
You closely miss Jorgrun.
Jorgrun is severely wounded.
Jorgrun says, "I've ne'er se'n tha particular type o' rock formation 'fore."
You block Jorgrun's attack. The grasping roots constrict you!
* * * LOW HITPOINT WARNING * * *
You mangle Jorgrun!!
Jorgrun is almost dead.
You block Jorgrun's attack. The grasping roots constrict you.
You barely miss Jorgrun.
Jorgrun is almost dead.
You hear a distant slurping noise.
You miss Jorgrun.
Jorgrun is almost dead.
Jorgrun hits you with a +0 vorpal quarterstaff!
* * * LOW HITPOINT WARNING * * *
x2 The grasping roots constrict you!
* * * LOW HITPOINT WARNING * * *
You closely miss Jorgrun.
Jorgrun is almost dead.
Jorgrun says, "'tis place shall be yer tomb!"
You block Jorgrun's attack. The grasping roots constrict you!
* * * LOW HITPOINT WARNING * * *
You hear a distant slurping noise.
You miss Jorgrun.
Jorgrun is almost dead.
You block Jorgrun's attack. The grasping roots constrict you!
* * * LOW HITPOINT WARNING * * *
You claw Jorgrun!
Jorgrun is almost dead.
You block Jorgrun's attack. The grasping roots constrict you!
You die...

..#......................#..#####
..#........#######.......#..#....
..###....>.# #.J'.....#..#....
....#......# ..#.....'..#....
....#......# #..##.###..'....
....#......# #..........#....
....#......# ##...........#....
....#......# ##g#..........#....
...)#......# ##.@#..........#....
....#......###..............#....
#####.......................#....
...............>............#....
..#######.######.#####......#....
..#.....#.# #.# #......#....
..#.....#.# #.# #......#....
..#.....#.# ### #......#####
..#.....#.# ####........


You could see Jorgrun.

Vanquished Creatures
  A boulder beetle (D:10)
  4 two-headed ogres
  A cyclops (D:11)
  5 elephants
  9 cane toads
  A molten gargoyle (Lair:1)
  5 black mambas
  An unseen horror (D:9)
  A kobold demonologist (D:9)
  9 komodo dragons
  2 rime drakes (Lair:3)
  3 trolls
  5 blink frogs (Lair:4)
  Prince Ribbit (D:7)
  A hornet (Lair:2)
  A snapping turtle (Lair:4)
  5 dream sheep
  A wraith (D:11)
  3 wyverns
  23 yaks
  2 vampires
  A basilisk (Lair:2)
  A steam dragon (D:7)
  A black bear (Lair:2)
  13 orc warriors
  9 water moccasins
  A necrophage (D:6)
  2 ogres
  8 centaurs
  14 wolves
  17 bullfrogs
  2 kobold brigands
  3 gnoll sergeants
  15 scorpions
  12 killer bees (D:11)
  15 wights
  3 howler monkeys
  A troll skeleton (D:9)
  An electric eel (Lair:1)
  5 spriggan skeletons (D:9)
  A centaur zombie (D:9)
  11 orc priests
  3 jellies
  2 gnoll shamans
  2 centaur skeletons (D:5)
  A bullfrog skeleton (D:4)
  Jessica (D:2)
  4 iguanas
  9 orc wizards
  A scorpion zombie (D:5)
  Terence (D:2)
  A hound skeleton (D:5)
  2 howler monkey zombies
  17 gnolls
  A howler monkey skeleton (D:6)
  5 adders
  5 white imps
  3 worms
  A dart slug (D:4)
  40 orcs
  12 endoplasms
  10 giant cockroaches
  7 goblins
  6 hobgoblins
  4 jackals
  6 quokkas
  7 ball pythons
  10 bats
  5 frilled lizards
  15 kobolds
  6 rats
407 creatures vanquished.

Vanquished Creatures (others)
  A jelly (D:10)
  2 kobolds (D:10)
  6 fungi
  7 plants
  6 toadstools (Lair:1)
22 creatures vanquished.

Grand Total: 429 creatures vanquished

Notes
Turn   | Place    | Note
-------+----------+-------------------------------------------
     0 | D:1      | orbeus the Troll Arcane Marksman began the quest for the
                  | Orb.
     0 | D:1      | Reached XP level 1. HP: 18/18 MP: 1/1
   126 | D:1      | Found a faded altar of an unknown god.
   143 | D:1      | Reached skill level 1 in Unarmed Combat
   294 | D:1      | Got the Handbook of Conjuration and Bewitchment
   309 | D:1      | Reached XP level 2. HP: 26/26 MP: 2/2
   643 | D:1      | Learned a level 1 spell: Animate Skeleton
   970 | D:1      | Reached XP level 3. HP: 30/32 MP: 3/3
  1162 | D:2      | Noticed Jessica
  1167 | D:2      | Killed Jessica
  1198 | D:2      | Reached XP level 4. HP: 40/40 MP: 4/4
  1332 | D:2      | Found a runed translucent door.
  1333 | D:2      | Noticed Crazy Yiuf
  1470 | D:2      | Noticed Terence
  1484 | D:2      | Killed Terence
  1485 | D:2      | Reached skill level 1 in Fighting
  2169 | D:3      | Reached XP level 5. HP: 43/48 MP: 5/5
  2323 | D:3      | Found a runed translucent door.
  2329 | D:3      | Noticed garbled's ghost (amateur VSNe)
  2367 | D:3      | Found Poef's Magic Scroll Shop.
  2393 | D:3      | Found Munn's Antique Weapon Shoppe.
  2430 | D:3      | Found Latequmn's General Store.
  2805 | D:4      | Reached skill level 5 in Unarmed Combat
  2816 | D:4      | Reached XP level 6. HP: 57/57 MP: 6/6
  2854 | D:4      | Found Cono's Jewellery Boutique.
  3042 | D:4      | Learned a level 2 spell: Blink
  3337 | D:5      | Entered Level 5 of the Dungeon
  3345 | D:4      | HP: 2/57 [gnoll (12)]
  3468 | D:4      | Found Cono's Jewellery Boutique.
  3605 | D:5      | Reached skill level 1 in Translocations
  3698 | D:5      | Found a staircase to the Ecumenical Temple.
  3714 | Temple   | Entered the Ecumenical Temple
  3977 | Temple   | Became a worshipper of Elyvilon the Healer
  4270 | D:5      | Reached XP level 7. HP: 40/66 MP: 7/7
  4856 | D:5      | Reached * piety under Elyvilon
  5112 | D:5      | Found a staircase to the Ecumenical Temple.
  6159 | D:6      | Reached XP level 8. HP: 59/75 MP: 8/8
  6266 | D:6      | Reached ** piety under Elyvilon
  6407 | D:6      | Reached skill level 1 in Evocations
  6481 | D:7      | Noticed Prince Ribbit
  6835 | D:7      | Killed Prince Ribbit
  6836 | D:7      | Reached XP level 9. HP: 59/84 MP: 11/11
  7130 | D:7      | Reached skill level 1 in Shields
  7437 | D:7      | Reached *** piety under Elyvilon
  7488 | D:8      | Identified a scroll of acquirement
  7491 | D:8      | Acquired 883 gold pieces
  7567 | D:4      | Bought an amulet of reflection for 390 gold pieces
  7567 | D:4      | Bought a ring of positive energy for 260 gold pieces
  7583 | D:4      | Bought a +4 ring of protection for 468 gold pieces
  7714 | D:8      | Reached skill level 2 in Shields
  7902 | D:8      | Reached skill level 3 in Shields
  7957 | D:8      | Found Usmulil's Antique Weapon Boutique.
  7978 | D:8      | Reached skill level 4 in Shields
  7993 | D:8      | Reached skill level 5 in Shields
  8317 | D:8      | Reached XP level 10. HP: 93/93 MP: 12/12
  8370 | D:8      | Found a runed translucent gate.
  8370 | D:8      | Found a runed translucent gate.
  8371 | D:8      | Found a runed translucent gate.
  8373 | D:8      | Noticed pdpol's ghost (novice MiFi)
  8419 | D:9      | Noticed a two-headed ogre
  8615 | D:9      | Killed a two-headed ogre
  8616 | D:9      | Reached skill level 5 in Translocations
  9100 | D:9      | Noticed a torpor snail
  9101 | D:9      | Found a snail-covered altar of Cheibriados.
  9102 | D:9      | Noticed a torpor snail
  9102 | D:9      | Noticed a torpor snail
  9847 | D:9      | Reached **** piety under Elyvilon
 10004 | D:9      | Reached skill level 10 in Unarmed Combat
 10144 | D:10     | Entered Level 10 of the Dungeon
 10147 | D:10     | Noticed a boulder beetle
 10340 | D:10     | HP: 3/94 [something (11)]
 10347 | D:10     | Reached skill level 1 in Invocations
 11102 | D:10     | Killed a boulder beetle
 11103 | D:10     | Reached skill level 6 in Shields
 11103 | D:10     | Reached XP level 11. HP: 101/101 MP: 13/13
 11302 | D:10     | Noticed a two-headed ogre
 11690 | D:9      | Found a snail-covered altar of Cheibriados.
 12307 | D:10     | Found a staircase to the Orcish Mines.
 12495 | D:11     | Reached ***** piety under Elyvilon
 12799 | D:3      | Bought a scroll of blinking for 90 gold pieces
 12799 | D:3      | Bought a scroll of fear for 42 gold pieces
 12799 | D:3      | Bought a scroll of teleportation for 36 gold pieces
 12826 | D:3      | Bought a scroll of teleportation for 42 gold pieces
 12826 | D:3      | Bought a scroll of blinking for 105 gold pieces
 12826 | D:3      | Bought a scroll of teleportation for 42 gold pieces
 13201 | D:11     | Noticed a two-headed ogre
 13221 | D:11     | Noticed a two-headed ogre
 13530 | D:11     | Reached skill level 7 in Shields
 13671 | D:11     | Found a runed translucent door.
 13702 | D:11     | Found a runed translucent door.
 13755 | D:11     | Reached skill level 5 in Fighting
 13960 | D:11     | Noticed a two-headed ogre
 14004 | D:10     | Killed a two-headed ogre
 14055 | D:11     | Killed a two-headed ogre
 14056 | D:11     | Reached skill level 8 in Shields
 14115 | D:11     | Killed a two-headed ogre
 14241 | D:11     | Found a staircase to the Lair.
 14326 | Lair:1   | Entered Level 1 of the Lair of Beasts
 14611 | Lair:1   | Reached skill level 9 in Shields
 15367 | Lair:1   | Noticed a dire elephant
 15376 | Lair:1   | Found a runed translucent door.
 15545 | Lair:1   | Reached ****** piety under Elyvilon
 15667 | Lair:1   | Noticed a dire elephant
 15899 | Lair:2   | Reached XP level 12. HP: 92/111 MP: 14/14
 16313 | Lair:2   | Found a hole to the Spider Nest.
 16796 | Lair:3   | Reached skill level 10 in Shields
 17521 | Lair:3   | Reached skill level 11 in Shields
 17795 | Lair:4   | Noticed an eight-headed hydra
 18229 | Lair:4   | Reached skill level 12 in Shields
 18284 | Lair:4   | Noticed a six-headed hydra
 18316 | Lair:4   | Pacified a six-headed hydra
 18317 | Lair:4   | Reached XP level 13. HP: 118/118 MP: 10/15
 18764 | Lair:4   | Found a staircase to the Shoals.
 18921 | Lair:5   | Got Lee's Disquisition on Confrontation and the Mountains
 18934 | Lair:5   | Found a viscous altar of Jiyva.
 18936 | Lair:5   | Found a staircase to the Slime Pits.
 18936 | Lair:5   | Noticed Rupert
 19133 | Lair:5   | Reached skill level 13 in Shields
 19209 | Lair:5   | Fell from the grace of Elyvilon
 19209 | Lair:5   | Became a worshipper of Jiyva Jaiqump the Shapeless
 19447 | Orc:1    | Entered Level 1 of the Orcish Mines
 19491 | Orc:1    | Noticed Jorgrun
 19881 | D:10     | HP: 5/118 [constriction (7)]
 19882 | D:10     | Constricted to death by Jorgrun

Illustrated notes

Levels and vault maps discovered:
D:1:      pf_arrival_petrified_forest, layout_basic,
          ebering_ecumenical_altar_sacrificial
D:2:      layout_basic, serial_aquarium, aquarium_bridge_square
          [aquarium_subvault_window, aquarium_subvault_bridge,
          aquarium_subvault_bridge, aquarium_subvault_wall],
          aquarium_bridge_long_separate [aquarium_subvault_bridge,
          aquarium_subvault_window, aquarium_subvault_wall,
          aquarium_subvault_window, aquarium_subvault_wall,
          aquarium_subvault_bridge], aquarium_window_1, aquarium_window_corner,
          aquarium_window_2, aquarium_view_2g, hangedman_decor_points,
          grunt_ministairs_2, corexii_item_surrounded_by_moat,
          minmay_split_cup_small, uniq_terence, uniq_crazy_yiuf_cottage,
          uniq_jessica
D:3:      layout_rooms, serial_shops, nicolae_shop_behind_doors, shop,
          shop_fountains, ebering_ghost_inner_flame
D:4:      layout_rooms, serial_shops, shop
D:5:      black_bear_nest_1, layout_cave_pools, minmay_temple_entry_junction
D:6:      layout_gridville
D:7:      layout_basic, minmay_holes, minmay_diced_spiral, uniq_prince_ribbit1
D:8:      layout_basic, gammafunk_ghost_necromancy, serial_shops,
          nicolae_square_shop
D:9:      layout_cave_pods, cheibriados_altar_2, hangedman_tell_no_tales
D:10:     layout_irregular_city, david_orc_4, st_stairs_10
D:11:     lemuel_insect_pit, layout_grid_maze, lair_entry_dummy,
          minmay_misc_feat_more_columns
Temple:   grunt_wide_crystal_templ
Lair:1:   gammafunk_lair_enchanted_lake, layout_gridlike, minivault_11,
          nicolae_quartered_pool_super, st_stairs_13, serial_bayou_shore_b
Lair:2:   layout_gridlike, nicolae_spider_entry_non_spiders,
          chequers_serial_rivers_micro_a, infiniplex_staircase_pool_2
Lair:3:   layout_concentric_octagons, lemuel_old_faithful
Lair:4:   layout_roguey, minmay_shoals_entry_hut, grunt_forest_small_clearings,
          st_stairs_8
Lair:5:   layout_cave_shapes, slime_altar_1, grunt_megastairs_5,
          infiniplex_staircase_pool, uniq_rupert
Orc:1:    layout_caves, serial_shops, nicolae_shop_hallway_stairs,
          nicolae_specific_store, lightli_church_of_beogh, uniq_jorgrun

Skill      XL: |  1  2  3  4  5  6  7  8  9 10 11 12 13 |
---------------+----------------------------------------+-----
Unarmed Combat | 1 2 3 4 5 6 7 9 10 11 12 | 12.0
Fighting       | 1 2 3 4 5 |  5.0
Throwing       | 2 |  2.0
Dodging        | 2 |  2.0
Translocations | 2 3 4 6 |  6.0
Evocations     | 2 |  2.1
Spellcasting   | 2 |  2.0
Shields        | 5 6 9 12 13 | 13.1
Invocations    | 3 4 |  4.0
Hexes          | |  2.0

Action                   |  1- 3 |  4- 6 |  7- 9 | 10-12 | 13-15 || total
-------------------------+-------+-------+-------+-------+-------++-------
Melee: Unarmed           |    85 |   251 |   270 |   996 |   194 ||  1796
       Punch             |     1 |     2 |     4 |       |       ||     7
Throw: Dart              |       |       |     4 |     3 |       ||     7
       Large rock        |       |       |       |     3 |       ||     3
Invok: Heal Other        |       |       |       |     2 |     5 ||     7
       Heal Self         |       |       |       |     1 |       ||     1
Evoke: Wand              |       |       |       |     6 |       ||     6
  Use: Scroll            |       |     4 |     6 |     8 |     3 ||    21
       Potion            |       |     1 |       |     2 |     2 ||     5
 Stab: Sleeping          |       |     2 |       |       |       ||     2
Armor: Robe              |    23 |    64 |    27 |       |       ||   114
       Steam dragon scal |       |       |    18 |   105 |       ||   123
       Troll leather arm |       |       |       |   225 |    51 ||   276
Dodge: Dodged            |    27 |   126 |    80 |   220 |    34 ||   487
Block: Tower shield      |       |       |    96 |  1075 |   191 ||  1362
       Reflection        |       |       |       |    21 |     2 ||    23

Table legend: (Time is in decaauts)
 A = Elapsed time spent in this place.
 B = Non-inter-level travel time spent in this place.
 C = Inter-level travel time spent in this place.
 D = Time resting spent in this place.
 E = Time spent auto-exploring this place.
 F = Levels seen in this place.
 G = Mean time per level.
                   A        B        C        D        E       F      G
               +--------+--------+--------+--------+--------+-----+--------+
         Total |  20010 |  18382 |   1628 |   4487 |   8969 |  18 | 1111.7 |
       Dungeon |  14811 |  13524 |   1287 |   3523 |   6348 |  11 | 1346.5 |
        Temple |    276 |    264 |     12 |    200 |     36 |   1 |  276.0 |
          Lair |   4876 |   4548 |    328 |    763 |   2585 |   5 |  975.2 |
  Orcish Mines |     45 |     45 |      0 |      0 |      0 |   1 |   45.0 |
               +--------+--------+--------+--------+--------+-----+--------+

Top non-repeatable levels by time:
     D:9: 2522 daAuts
    D:10: 1844 daAuts
    D:11: 1507 daAuts
     D:8: 1368 daAuts
     D:5: 1314 daAuts
  Lair:1: 1308 daAuts
     D:7: 1175 daAuts
  Lair:4: 1162 daAuts
     D:1: 1159 daAuts
  Lair:3: 1119 daAuts
     D:6: 1110 daAuts
     D:4: 1041 daAuts
  Lair:2: 1011 daAuts
     D:2: 890 daAuts
     D:3: 877 daAuts
